 Dungeon Crawl Stone Soup version 0.23-a0-358-g98c7a59 (webtiles) character file.

247 MTVSty1e the Skirmisher (level 6, 0/40 HPs)
             Began as a Gargoyle Fighter on Oct 22, 2018.
             Slain by a killer bee (6 damage)
             ... on level 3 of the Dungeon.
             The game lasted 00:04:44 (1293 turns).

MTVSty1e the Skirmisher (Gargoyle Fighter)          Turns: 1293, Time: 00:04:46

Health: 0/40       AC: 11    Str: 26    XL:     6   Next: 11%
Magic:  6/6        EV:  7    Int:  9    God:
Gold:   147        SH:  9    Dex:  9    Spells: 5/5 levels left

rFire    . . .     SeeInvis .   a - +0 war axe
rCold    . . .     Gourm    .   c - +0 shield
rNeg     + . .     Faith    .   b - +0 scale mail
rPois    ∞         Spirit   .   (no helmet)
rElec    +         Reflect  .   (no cloak)
rCorr    .         Harm     .   (no gloves)
MR       .....                  (no boots)
Stlth    ..........             (no amulet)
HPRegen  0.13/turn              n - +2 ring of slaying
MPRegen  0.10/turn              (no ring)

@: mighty
A: negative energy resistance 1, electricity resistance, unbreathing,
petrification resistance, rot immunity, AC +4
a: no special abilities


You were on level 3 of the Dungeon.
You were not hungry.

You visited 1 branch of the dungeon, and saw 3 of its levels.

You collected 147 gold pieces.

Inventory:

Hand Weapons
 a - a +0 war axe (weapon)
Armour
 b - a +0 scale mail (worn)
 c - a +0 shield (worn)
Jewellery
 n - a +2 ring of slaying (left hand)
Scrolls
 g - 2 scrolls of remove curse {unknown}
 j - a scroll of random uselessness {unknown}
 k - a scroll of noise {unknown}
 l - a scroll of blinking {unknown}
 p - a scroll of amnesia {unknown}
Potions
 d - a potion of might
 e - a potion of curing {unknown}
 h - a potion of brilliance {unknown}
 i - 3 potions of heal wounds {unknown}
 m - a potion of invisibility {unknown}
 o - a potion of lignification {unknown}
Comestibles
 f - 5 rations


   Skills:
 + Level 4.9 Fighting
 * Level 4.7 Axes
 - Level 3.2 Armour
 - Level 3.2 Shields


You had 5 spell levels left.
You didn't know any spells.
Your spell library was empty.

Dungeon Overview and Level Annotations

Branches:
Dungeon (3/15)

Altars:
Dithmenos
Okawaru
Uskayaw


Innate Abilities, Weirdness & Mutations

You are resistant to torment.
Your stone body is resilient. (AC +4)
You are immune to poison.
You resist negative energy. (rN+)
You are resistant to electric shocks. (rElec)
You can survive without breathing.
You are immune to petrification.
You are immune to rotting.


Message History

The killer bee closely misses you. The killer bee stings you.
You feel very mighty all of a sudden.
The killer bee stings you but does no damage.
The killer bee stings you.
* * * LOW HITPOINT WARNING * * *
You block the killer bee's attack. The killer bee barely misses you.
You block the killer bee's attack. The killer bee stings you.
* * * LOW HITPOINT WARNING * * *
You are too injured to fight recklessly!
Okay, then.
You hit the killer bee.
You kill the killer bee!
You have reached level 6!
Your experience leads to an increase in your attributes!
Your base attributes are Str 20, Int 9, Dex 9.
Increase (S)trength, (I)ntelligence, or (D)exterity?
You feel stronger.
You closely miss the killer bee. You miss the killer bee.
The killer bee stings you.
You die...

##_## .≈.≈#
####≈.≈. .(#.≈.≈##
#.##≈.≈. #.#.≈.≈##
#.##(((.# #.###(#
#).yy@# ##..
..####..gy###..o..
......(...o..yg.J..
##.####...).#####.o
.........##
..#####..######..
.......†........
###..####.######..
...# #.#


You could see 3 killer bees, an orc and a hobgoblin.

Vanquished Creatures
  A killer bee (D:3)
  A howler monkey (D:3)
  A centaur skeleton (D:3)
  Terence (D:2)
  2 gnolls (D:3)
  3 adders
  2 worms
  An orc (D:3)
  A ball python (D:1)
  6 bats
  5 giant cockroaches
  8 goblins
  7 hobgoblins
  2 jackals (D:2)
  2 quokkas (D:3)
  7 frilled lizards
  6 kobolds
  7 rats
63 creatures vanquished.

Notes
Turn   | Place    | Note
-------+----------+-------------------------------------------
     0 | D:1      | MTVSty1e the Gargoyle Fighter began the quest for the Orb.
     0 | D:1      | Reached XP level 1. HP: 14/14 MP: 1/1
   131 | D:1      | Reached XP level 2. HP: 19/19 MP: 2/2
   643 | D:2      | Reached XP level 3. HP: 23/24 MP: 3/3
   703 | D:2      | Found a hide-covered altar of Uskayaw.
   898 | D:2      | Reached XP level 4. HP: 28/29 MP: 4/4
   906 | D:2      | Noticed Terence
   918 | D:2      | Killed Terence
  1011 | D:3      | Reached XP level 5. HP: 32/34 MP: 5/5
  1143 | D:3      | Found a shadowy altar of Dithmenos.
  1264 | D:3      | Found an iron altar of Okawaru.
  1293 | D:3      | Reached XP level 6. HP: 5/40 MP: 6/6
  1293 | D:3      | Slain by a killer bee

Vault maps used:
D:1:      psy_arrival_basics, minmay_pentomino_q4
D:2:      eat_drink_and_be_merry_uskayaw, uniq_terence
D:3:      okawaru_altar_gauntlet_db, nicolae_dithmenos_through_a_glass_darkly,
          overflow_temple_1_default, fountainhead

Skill      XL: |  1  2  3  4  5 |
---------------+----------------+-----
Axes           | 2 3 4 |  4.7
Fighting       | 4 |  4.9
Armour         | |  3.2
Shields        | |  3.2

Action                   |  1- 3 |  4- 6 || total
-------------------------+-------+-------++-------
Melee: War axe           |   132 |    94 ||   226
  Use: Potion            |       |     1 ||     1
  Eat: Chunk             |       |     2 ||     2
Armor: Scale mail        |    75 |    62 ||   137
Dodge: Dodged            |    48 |    36 ||    84
Block: Shield            |    76 |    63 ||   139

Table legend:
 A = Non-vault XP
 B = Vault XP
 C = Vault XP percentage of total XP
 D = Non-vault monster count
 E = Vault monster count
 F = Vault count percentage of total count
                 A         B        C        D         E       F
            +---------+---------+-------+---------+---------+-------
      Total |     269 |      85 |  24.0 |      52 |      11 |  17.5
            +---------+---------+-------+---------+---------+-------
        D:1 |      23 |       8 |  25.8 |      18 |       4 |  18.2
        D:2 |      56 |      38 |  40.4 |      17 |       1 |   5.6
        D:3 |     190 |      39 |  17.0 |      17 |       6 |  26.1
            +---------+---------+-------+---------+---------+-------
